 Dungeon Crawl Stone Soup version 0.20-a0-633-gff4aa5c (webtiles) character file.

19208 polly the Severer (level 12, -18/111 HPs)
             Began as a Minotaur Berserker on Feb 12, 2017.
             Was a High Priest of Trog.
             Demolished by a skeletal warrior
             ... wielding a +0 trident
             ... led by a skeletal warrior
              (19 damage)
             ... on level 12 of the Dungeon.
             The game lasted 00:23:36 (13106 turns).

polly the Severer (Minotaur Berserker)             Turns: 13106, Time: 00:23:37

Health: -18/111    AC: 21    Str: 30    XL:     12   Next: 34%
Magic:  11/11      EV: 10    Int:  6    God:    Trog [*****.]
Gold:   657        SH:  0    Dex: 11    Spells: 11/11 levels left

rFire    . . .     SeeInvis +   d - +2 battleaxe
rCold    . . .     Gourm    .   j - +0 plate armour
rNeg     . . .     Faith    .   (shield currently unavailable)
rPois    .         Spirit   .   v - +3 crown of Dyrovepreva {rElec Int+2 SInv}
rElec    +         Reflect  .   (no cloak)
rCorr    .         Harm     .   (no gloves)
MR       .....                  q - +1 pair of boots
Stlth    ..........             J - amulet of regeneration
Regen    0.7/turn               (no ring)
                                b - +4 ring of strength

@: no status effects
A: retaliatory headbutt, horns 2
a: Berserk, Trog's Hand, Brothers in Arms, Burn Spellbooks, Renounce Religion


You were on level 12 of the Dungeon.
You worshipped Trog.
Trog was extremely pleased with you.
You were not hungry.

You visited 1 branch of the dungeon, and saw 13 of its levels.

You collected 657 gold pieces.

Inventory:

Hand Weapons
 d - a +2 battleaxe (weapon)
 I - a +0 war axe
Armour
 j - a +0 plate armour (worn)
 q - a +1 pair of boots (worn)
 v - the +3 crown of Dyrovepreva (worn) {rElec Int+2 SInv}
   (You found it on level 4 of the Dungeon)

   It affects your intelligence (+2).
   It insulates you from electricity.
   It lets you see invisible.
 H - a +0 large shield
Jewellery
 b - a +4 ring of strength (left hand)
 J - an amulet of regeneration (around neck)
Wands
 n - a wand of lightning (0/15)
 o - a wand of flame (34/48)
 C - a wand of iceblast (5/15)
 G - a wand of confusion (14/48)
Scrolls
 a - a scroll of identify
 f - 4 scrolls of random uselessness {unknown}
 g - 8 scrolls of remove curse
 k - 2 scrolls of magic mapping {unknown}
 l - a scroll of blinking {unknown}
 t - a scroll of amnesia {unknown}
 y - 6 scrolls of teleportation {unknown}
 z - a scroll of silence {unknown}
 E - 4 scrolls of enchant armour
 M - a scroll of recharging {unknown}
Potions
 e - 2 potions of resistance
 h - 5 potions of curing
 p - 2 potions of ambrosia
 r - a potion of heal wounds
 u - 3 potions of haste
 w - 2 potions of brilliance
 x - 2 potions of flight
 A - a potion of agility {unknown}
 B - 3 potions of mutation
 F - 2 potions of invisibility
Comestibles
 c - 6 bread rations
 i - 10 royal jellies
 m - 9 meat rations
 s - 26 fruits


   Skills:
 + Level 11.7 Fighting
 + Level 15.3 Axes
 + Level 13.0 Armour
 + Level 3.5 Dodging
 - Level 0.1 Stealth
 + Level 6.9 Shields


You had 11 spell levels left.
You didn't know any spells.

Dungeon Overview and Level Annotations

Branches:
Dungeon (13/15)            Temple (0/1) D:5            Lair (0/6) D:10
    Orc (0/2) D:11
 Vaults: D:13-14

Altars:
Ashenzari
Hepliaklqana
Nemelex Xobeh
Okawaru
Trog
Yredelemnul

Shops:
D:4 [   D:8 :

Portals:
Trove: D:10 (give Uliuskuj's Tome of the Glacier)


Innate Abilities, Weirdness & Mutations

You reflexively headbutt those who attack you in melee.
You have a pair of horns on your head.


Message History

Things that are here:
an uncursed amulet of guardian spirit an uncursed amulet of magic regeneration You feel much better.
The skeletal warrior hits you but does no damage.
The skeletal warrior hits you with a scimitar.
The skeletal warrior hits you but does no damage. x2
The skeletal warrior hits you from afar with a trident!
* * * LOW HITPOINT WARNING * * *
The skeletal warrior hits you from afar with a glaive!
* * * LOW HITPOINT WARNING * * *
There is an open door, spattered with blood here.
As you read the scroll labeled XABRURORPHEN, it crumbles to dust.
It is a scroll of enchant armour.
Your +0 pair of boots glows green for a moment.
The skeletal warrior hits you from afar with a glaive!
* * * LOW HITPOINT WARNING * * *
The skeletal warrior barely misses you.
The skeletal warrior hits you from afar with a trident!!
You die...

# ######### ######### #
#.......# #[......# #
###.......# #.......#
###.'.......######......)#
##..#.......'...##z...")>#
'..##.......###.@zz....[(#
#####.........####z......#
# ##'######.## #.......# #
#..# #..# ######'## # ####
##.# ##.# #.# #..#
#########.#######'## #
#.......#.#........# #
#.......#.#........#


You could see 4 skeletal warriors.

Vanquished Creatures
  A hydra (D:11)
  2 centaur warriors
  5 two-headed ogres
  A tengu warrior (D:12)
  A skeletal warrior (D:12)
  Pikel (D:7)
  The ghost of presbutan the Carver, a novice MiFi of Cheibriados (D:7)
  2 ugly things
  Joseph (D:8)
  The ghost of Mattviviwu the Slasher, a novice MiFi (D:5)
  2 komodo dragons
  A centaur skeleton (D:12)
  4 trolls
  2 dream sheep (D:11)
  4 hippogriffs
  A vampire (D:12)
  A wyvern (D:7)
  10 yaks
  A hungry ghost (D:8)
  2 steam dragons
  A water moccasin (D:7)
  2 sky beasts
  2 orc warriors
  A black bear (D:11)
  An eye of draining (D:10)
  3 ice beasts
  5 ogres
  A slave (D:7)
  7 centaurs
  5 bullfrogs
  4 big kobolds
  2 wyvern skeletons
  7 scorpions
  3 killer bees (D:7)
  14 wights
  An electric eel (D:13)
  6 howler monkeys
  8 crimson imps
  A centaur zombie (D:9)
  3 jellies
  A bullfrog zombie (D:8)
  4 hounds
  8 orc priests
  2 bullfrog skeletons
  3 iguanas
  7 orc wizards
  9 worker ants
  A killer bee zombie (D:8)
  A howler monkey zombie (D:11)
  A worker ant zombie (D:10)
  6 adders
  2 shadow imps
  An ooze (D:1)
  An adder zombie (D:6)
  3 adder skeletons
  3 worms
  A dart slug (D:5)
  4 leopard geckos
  40 orcs
  A ball python (D:1)
  8 bats
  4 giant cockroaches
  10 goblins
  4 hobgoblins
  15 jackals
  8 quokkas
  9 frilled lizards
  16 kobolds
  A leopard gecko skeleton (D:4)
  6 rats
  A plant (D:11)
302 creatures vanquished.

Vanquished Creatures (collateral kills)
  Sonja (D:11)
1 creature vanquished.

Grand Total: 303 creatures vanquished

Notes
Turn   | Place    | Note
-------+----------+-------------------------------------------
     0 | D:1      | polly the Minotaur Berserker began the quest for the Orb.
     0 | D:1      | Reached XP level 1. HP: 19/19 MP: 0/0
   206 | D:1      | Reached XP level 2. HP: 15/27 MP: 1/1
   223 | D:1      | Reached skill level 4 in Axes
   685 | D:1      | Reached XP level 3. HP: 33/33 MP: 2/2
   857 | D:2      | Reached ** piety under Trog
  1098 | D:2      | Found a basalt altar of Yredelemnul.
  1430 | D:2      | Reached XP level 4. HP: 40/41 MP: 3/3
  1729 | D:3      | Reached skill level 5 in Axes
  1826 | D:3      | Reached skill level 5 in Fighting
  1836 | D:3      | Reached *** piety under Trog
  2010 | D:4      | Noticed an ogre
  2017 | D:4      | Killed an ogre
  2017 | D:4      | Reached XP level 5. HP: 38/48 MP: 4/4
  2369 | D:4      | Reached skill level 6 in Axes
  2369 | D:4      | Reached XP level 6. HP: 56/56 MP: 5/5
  2420 | D:4      | Found Lejoat Ewee's Armour Boutique.
  2929 | D:5      | Entered Level 5 of the Dungeon
  2930 | D:5      | Noticed a sky beast
  2930 | D:5      | Noticed Mattviviwu's ghost (novice MiFi)
  3070 | D:5      | Killed Mattviviwu's ghost
  3070 | D:5      | Reached skill level 7 in Axes
  3070 | D:5      | Reached skill level 5 in Armour
  3070 | D:5      | Reached XP level 7. HP: 48/63 MP: 2/6
  3129 | D:5      | Found a sparkling altar of Nemelex Xobeh.
  3269 | D:5      | Reached skill level 8 in Axes
  3313 | D:5      | Got a smoking shortbow
  3314 | D:5      | Identified the +5 shortbow of Diet Blood {venom, rPois rN+ Str-4} (You found it on level 5 of the Dungeon)
  3385 | D:5      | Found a bloodstained altar of Trog.
  3477 | D:5      | Found a hazy altar of Hepliaklqana.
  3689 | D:5      | Reached XP level 8. HP: 67/71 MP: 7/7
  3692 | D:5      | Found a staircase to the Ecumenical Temple.
  3835 | D:5      | Found an iron altar of Okawaru.
  3848 | D:5      | Reached **** piety under Trog
  4096 | D:6      | Reached skill level 9 in Axes
  4710 | D:6      | Reached skill level 10 in Axes
  5017 | D:7      | Reached XP level 9. HP: 59/79 MP: 5/8
  5077 | D:7      | Found a shattered altar of Ashenzari.
  5081 | D:7      | Noticed presbutan's ghost (novice MiFi)
  5097 | D:7      | Killed presbutan's ghost
  5193 | D:7      | Got a blackened ring mail
  5204 | D:7      | Identified the cursed +0 ring mail "Lougaock" {MP+9 Int+2} (You found it on level 7 of the Dungeon)
  5308 | D:7      | Reached skill level 11 in Axes
  5533 | D:7      | Noticed a troll
  5543 | D:7      | Killed a troll
  5543 | D:7      | Reached ***** piety under Trog
  5913 | D:7      | Noticed Pikel
  5952 | D:7      | Killed Pikel
  5952 | D:7      | Reached skill level 12 in Axes
  5952 | D:7      | Reached XP level 10. HP: 77/90 MP: 7/9
  6227 | D:8      | Noticed Joseph
  6263 | D:8      | Killed Joseph
  6263 | D:8      | Reached skill level 10 in Armour
  6402 | D:8      | Found Pasche's Book Boutique.
  6785 | D:8      | Received a gift from Trog
  7230 | D:9      | Reached skill level 13 in Axes
  7470 | D:9      | Reached skill level 10 in Fighting
  7822 | D:9      | Reached skill level 1 in Shields
  7931 | D:10     | Entered Level 10 of the Dungeon
  7993 | D:10     | Found a staircase to the Lair.
  8048 | D:10     | Noticed a purple ugly thing
  8071 | D:10     | Killed a purple ugly thing
  8502 | D:10     | Reached XP level 11. HP: 93/100 MP: 8/10
  8512 | D:10     | Found a portal to a secret trove of treasure.
  8626 | D:11     | Noticed Sonja
  8654 | D:12     | HP: 5/150 [yak (7)]
  9085 | D:11     | Killed Sonja
  9307 | D:11     | Found a staircase to the Orcish Mines.
  9676 | D:11     | Noticed a white ugly thing
  9688 | D:11     | Killed a white ugly thing
 10437 | D:11     | Noticed a two-headed ogre
 10447 | D:11     | Killed a two-headed ogre
 10447 | D:11     | Reached skill level 14 in Axes
 10994 | D:11     | Noticed a two-headed ogre
 11007 | D:11     | Killed a two-headed ogre
 11190 | D:11     | Noticed a three-headed hydra
 11199 | D:11     | Killed a four-headed hydra
 11199 | D:11     | Reached skill level 5 in Shields
 11642 | D:11     | Noticed a two-headed ogre
 11654 | D:11     | Killed a two-headed ogre
 11852 | D:12     | Noticed a two-headed ogre
 11861 | D:12     | Killed a two-headed ogre
 12256 | D:12     | Reached XP level 12. HP: 110/110 MP: 11/11
 12602 | D:13     | Noticed a tengu warrior
 12603 | D:13     | Noticed a centaur warrior
 12608 | D:13     | Noticed a two-headed ogre
 12626 | D:12     | Killed a tengu warrior
 12626 | D:12     | Reached skill level 15 in Axes
 12813 | D:13     | Noticed a centaur warrior
 12817 | D:12     | Killed a centaur warrior
 12819 | D:12     | Killed a two-headed ogre
 12827 | D:13     | Killed a centaur warrior
 13106 | D:12     | HP: 1/111 [skeletal warrior/glaive[a skeletal warrior] (17)]
 13106 | D:12     | Demolished by a skeletal warrior

Vault maps used:
D:1:      nicolae_arrival_memento_mori
D:2:      lemuel_crystal_altar
D:3:      first_bread
D:4:      serial_shops, nicolae_shop_stone, hangedman_decor_diamond_cutter,
          kennysheep_dice
D:5:      kennysheep_big_flooded_room, bloody_trog,
          nemelex_xobeh_ov_fountains_minmay, nicolae_overflow_crystal_walls,
          minmay_temple_entry_mist, basic_altar, st_stairs_6
D:7:      ashenzari_altar_1, minmay_misc_feat_ornament, uniq_pikel
D:8:      serial_shops, shop, uniq_joseph
D:10:     lair_entry_dummy, nicolae_trove_entry_columns
D:11:     orc_0_dummy, hangedman_ranch, uniq_sonja
D:12:     serial_co_window_serial, co_window_paths_a, co_window_corner_a,
          co_window_paths_a, co_window_corner_a, co_window_paths_b,
          co_window_of_opportunity_b, co_window_cross_4,
          co_window_unsneaky_path_a, co_window_paths_c, glass_columns_c,
          glass_columns_b, glass_columns_b
D:13:     serial_shops, shop_fountains, minmay_crystal_room, minivault_15,
          hangedman_decor_peaks_small, minmay_misc_feat_room

Skill      XL: |  1  2  3  4  5  6  7  8  9 10 11 12 |
---------------+-------------------------------------+-----
Fighting       | 4 5 6 7 8 10 11 | 11.7
Axes           | 4 5 6 7 8 10 12 13 14 15 | 15.3
Armour         | 3 4 5 6 8 9 11 12 13 | 13.0
Dodging        | 3 |  3.5
Shields        | 3 5 6 |  6.9
Stealth        | |  0.1

Action                   |  1- 3 |  4- 6 |  7- 9 | 10-12 || total
-------------------------+-------+-------+-------+-------++-------
Melee: Hand axe          |    98 |   133 |   326 |   174 ||   731
       Headbutt          |    10 |    25 |    81 |   157 ||   273
       War axe           |       |       |       |   415 ||   415
       Battleaxe         |       |       |       |    26 ||    26
Invok: Burn Spellbooks   |     1 |     1 |     2 |     3 ||     7
       Berserk           |       |     1 |     2 |     3 ||     6
       Brothers in Arms  |       |       |       |     1 ||     1
Evoke: Wand              |       |       |       |    11 ||    11
  Use: Scroll            |       |       |     1 |    10 ||    11
       Potion            |       |       |       |     5 ||     5
  Eat: Chunk             |     1 |     5 |    11 |    29 ||    46
       Fruit             |       |     1 |     1 |     2 ||     4
       Royal jelly       |       |       |       |     1 ||     1
Armor: Animal skin       |    11 |       |       |       ||    11
       Plate armour      |    49 |    84 |   163 |   353 ||   649
Dodge: Dodged            |    54 |    54 |   104 |   105 ||   317
Block: Large shield      |       |       |       |   276 ||   276
